 Dungeon Crawl Stone Soup version 0.28-a0-1412-gf95308ed99 (webtiles) character file.

Game seed: 5752588281713234196

5 ipx the Vexing (level 1, 5/12 HPs)
             Began as a Gargoyle Arcane Marksman on Jan 6, 2022.
             Was a Follower of Qazlal.
             Got out of the dungeon alive.
             The game lasted 00:01:27 (126 turns).

ipx the Vexing (Gargoyle Arcane Marksman)            Turns: 126, Time: 00:01:27

Health: 5/12       AC:  4    Str: 13    XL:     1   Next: 80%
Magic:  2/2        EV: 11    Int: 13    God:    Qazlal [*.....]
Gold:   0          SH:  1    Dex: 10    Spells: 1/2 levels left

rFire   . . .      SeeInvis .   e - +0 short sword
rCold   . . .      Faith    .   (no shield)
rNeg    + . .      Spirit   .   d - +0 robe
rPois   ∞          Reflect  .   (no helmet)
rElec   +          Harm     .   (no cloak)
rCorr   .          Rampage  .   (no gloves)
Will    .....                   (no boots)
Stlth   +.........              (no amulet)
HPRegen 0.04/turn               (no ring)
MPRegen 0.08/turn               (no ring)

@: no status effects
A: sickness immunity, AC +2, negative energy resistance 1, electricity
resistance, torment resistance 1, petrification resistance
a: Renounce Religion


You escaped.
You worshipped Qazlal.
Qazlal was aware of your devotion.
You visited 1 branch of the dungeon, and saw 1 of its levels.

Inventory:

Hand Weapons
 a - a +0 hand crossbow
 e - a +0 short sword (weapon)
Missiles
 c - 15 bolts
Armour
 d - a +0 robe (worn)
Scrolls
 b - a scroll of enchant weapon {unknown}


   Skills:
 + Level 1.5 Fighting
 + Level 2.2 Crossbows
 - Level 1.5 Dodging
 - Level 1.0 Spellcasting
 - Level 2.6 Hexes


You had one spell level left.
You knew the following spells:

 Your Spells              Type           Power      Damage    Failure   Level
s - Slow                  Hex            28%        N/A       10%         1

Your spell library contained the following spells:

 Spells                   Type           Power      Damage    Failure   Level
 Animate Skeleton         Necr           0%         N/A       28%         1
 Pain                     Necr           0%         1d4       28%         1
 Inner Flame              Hex/Fire       4%         N/A       43%         3
 Portal Projectile        Hex/Tloc       8%         N/A       43%         3
 Call Canine Familiar     Summ           0%         N/A       63%         3
 Vampiric Draining        Necr           0%         2d6       63%         3
 Cause Fear               Hex            3%         N/A       67%         4
 Leda's Liquefaction      Hex/Erth       2%         N/A       85%         4


Dungeon Overview and Level Annotations

Branches:
Dungeon (1/15)

Altars:
Qazlal


Innate Abilities, Weirdness & Mutations

You are immune to sickness and miasma.
Your stone body is resilient. (AC +2)
You are immune to poison.
You resist negative energy. (rN+)
You are resistant to electric shocks. (rElec)
You are resistant to unholy torment.
You are immune to petrification.


Message History

The quokka closely misses you. The quokka bites you.
Fire: 11 bolts
Press: ? - help, Q - select action, (/) - cycle Shift-Dir - straight line, f/p - quokka
Aim: a quokka (50% to hit)
You shoot a bolt.
The bolt hits the quokka but does no damage.
The quokka bites you. x2
* * * LOW HITPOINT WARNING * * *
Fire: 10 bolts
Press: ? - help, Q - select action, (/) - cycle Shift-Dir - straight line, f/p - quokka
Aim: a quokka (50% to hit)
You shoot a bolt. The bolt hits the quokka!
You kill the quokka!
You enter the shallow water.
Moving in this stuff is going to be slow.
c - 10 bolts (gained 1)
You see here a quokka corpse.
c - 12 bolts (gained 2)
You enter the shallow water.
Moving in this stuff is going to be slow.
c - 13 bolts (gained 1)
c - 14 bolts (gained 1)
You see here a +0 short sword.
e - a +0 short sword (weapon)
You enter the shallow water.
Moving in this stuff is going to be slow.
c - 15 bolts (gained 1)
There is a faded altar of an unknown god here.
You cannot tell which god this altar belongs to.
Convert to them anyway?
Qazlal accepts your prayer! Qazlal welcomes you!
Qazlal grants you and your divine allies immunity to clouds.
You are now surrounded by a storm.
You enter the shallow water.
Moving in this stuff is going to be slow.
There is an open door here.
There is an open door here.
There is a staircase leading out of the dungeon here.
Are you sure you want to leave the Dungeon?
This will make you lose the game!
You have escaped!

##'## ##>## ##'##
##...######...######...##
#.......................#
#..⌠........⌠........⌠..#
#.......................#
##...######...######...##
##### #####'##### #####
#.........# #..♣..@..♣..#
##.........## ###########


There were no monsters in sight!

Vanquished Creatures
  An endoplasm (D:1)
  2 quokkas (D:1)
  A frilled lizard (D:1)
  A kobold (D:1)
5 creatures vanquished.

Notes
Turn   | Place    | Note
-------+----------+-------------------------------------------
     0 | D:1      | ipx the Gargoyle Arcane Marksman began the quest for the
                  | Orb.
     0 | D:1      | Reached XP level 1. HP: 12/12 MP: 2/2
    62 | D:1      | Found a faded altar of an unknown god.
    90 | D:1      | Prayed at the altar of an unknown god.
    90 | D:1      | Became a worshipper of Qazlal Stormbringer
    90 | D:1      | Reached * piety under Qazlal
   126 | D:$      | Got out of the dungeon alive.

Illustrated notes

Levels and vault maps discovered:
D:1:      minmay_arrival_split_and_join, layout_basic,
          shapermc_ecumenical_altar_starsandcircs

Action                   || total
-------------------------++-------
 Fire: Hand crossbow     ||    12
Dodge: Dodged            ||     4

Table legend: (Time is in decaauts)
 A = Elapsed time spent in this place.
 B = Non-inter-level travel time spent in this place.
 C = Inter-level travel time spent in this place.
 D = Time resting spent in this place.
 E = Time spent auto-exploring this place.
 F = Levels seen in this place.
 G = Mean time per level.
                   A        B        C        D        E       F      G
               +--------+--------+--------+--------+--------+-----+--------+
         Total |    133 |     99 |     34 |      0 |      0 |   1 |  133.0 |
       Dungeon |    133 |     99 |     34 |      0 |      0 |   1 |  133.0 |
               +--------+--------+--------+--------+--------+-----+--------+

Top non-repeatable levels by time:
     D:1: 133 daAuts
